[Event "*** Titled Tuesday 3|2 Blitz"]
[Site "Chess.com"]
[Date "2016.07.05"]
[Round "6"]
[White "kpio91"]
[Black "Semetey"]
[Result "1-0"]
[WhiteElo "2553"]
[BlackElo "2445"]
[TimeControl "180+2"]
[EndTime "12:11:53 PDT"]
[Termination "kpio91 won by resignation"]

1. e4 g6 2. d4 Bg7 3. Nf3 d6 4. Bc4 Nf6 5. Qe2 O-O 6. e5 dxe5 7.
dxe5 Nd5 8. h3 c6 9. O-O e6 10. Re1 Nd7 11. Bb3 Qc7 12. c4 Ne7 13. Nc3 a6 14.
Bg5 Nf5 15. g4 h6 16. gxf5 hxg5 17. f6 Bh6 18. Qe3 c5 19. h4 Rd8 20. hxg5 Bf8 21.
Bc2 b6 22. Kg2 Bb7 23. Be4 Rab8 24. Bxb7 Qxb7 25. Rh1 Nxe5 26. Qxe5 Rd3 27. Qe4 Qxe4 28.
Nxe4 b5 29. Rh4 bxc4 30. Rah1 Bg7 31. fxg7 1-0

[Event "*** Titled Tuesday 3|2 Blitz"]
[Site "Chess.com"]
[Date "2016.07.05"]
[Round "6"]
[White "tigra"]
[Black "GeorgMeier"]
[Result "1-0"]
[WhiteElo "2469"]
[BlackElo "2673"]
[TimeControl "180+2"]
[EndTime "12:11:55 PDT"]
[Termination "tigra won by resignation"]

1. e4 e6 2. d4 d5 3. Nc3 dxe4 4. Nxe4 Nd7 5. Bd3 Ngf6 6. c3 c5 7. Nf3 Nxe4 8. Bxe4 Nf6 9. Bc2 cxd4 10. Nxd4 Bc5 11. Be3 Bb6 12. Qf3 Qd5 13. Qg3 O-O 14. O-O-O Qxa2 15. Bh6 Ne8 16. Rhe1 a5 17. Nf5 Bc7 18. f4 exf5 19.
Rxe8 Bxf4+ 20. Qxf4 Rxe8 21. Qg5 g6 22. Qf6 1-0

[Event "*** Titled Tuesday 3|2 Blitz"]
[Site "Chess.com"]
[Date "2016.07.05"]
[Round "6"]
[White "annakantane"]
[Black "pedromartinez91"]
[Result "0-1"]
[WhiteElo "2264"]
[BlackElo "2298"]
[TimeControl "180+2"]
[EndTime "12:12:00 PDT"]
[Termination "pedromartinez91 won by checkmate"]

1. e4 e6 2. d4 d5 3. Nd2 Nf6 4.
e5 Ne4 5. Bd3 Nxd2 6. Bxd2 c5 7.
c3 Qb6 8. Ne2 c4 9. Bc2 Qxb2 10.
O-O Be7 11. f4 g6 12. g4 h5 13. f5 exf5 14. gxf5 Bxf5 15. Bxf5 gxf5 16. Rxf5 Nc6 17.
Nf4 O-O-O 18. Rxf7 Rdg8+ 19. Kh1 Bg5 20. Rb1 Qxa2 21.
Rbxb7 Bxf4 22. Qf1 Qxd2 23. Rbc7+ Kd8 24. Rxc6 Qxh2# 0-1

[Event "*** Titled Tuesday 3|2 Blitz"]
[Site "Chess.com"]
[Date "2016.07.05"]
[Round "6"]
[White "RobertRis"]
[Black "AndreyOstrovskiy"]
[Result "0-1"]
[WhiteElo "2421"]
[BlackElo "2492"]
[TimeControl "180+2"]
[EndTime "12:12:59 PDT"]
[Termination "AndreyOstrovskiy won by resignation"]

1. Nf3 Nf6 2. g3 d5 3. Bg2 e6 4. c4 Be7 5. O-O O-O 6. b3 b6 7. Bb2 Bb7 8. d4 Nbd7 9. Nc3 c5 10. cxd5 exd5 11. Rc1 Re8 12. Re1 Bf8 13. e3 a6 14. Qc2 Rc8 15. dxc5 bxc5 16. Red1 h6 17. Qf5 g6 18. Qf4 Bg7 19. Qa4 a5 20. Qb5 Bc6 21. Qd3 Qb6 22. Qc2 d4 23. exd4 Bxf3 24. Bxf3 cxd4 25. Nd5 Rxc2 26. Nxb6 Rxb2 27. Nxd7 Nxd7 28. Rc7 Ne5 29. Bd5 Rd8 0-1

[Event "*** Titled Tuesday 3|2 Blitz"]
[Site "Chess.com"]
[Date "2016.07.05"]
[Round "6"]
[White "eltenedor"]
[Black "Saitama_Hero"]
[Result "1-0"]
[WhiteElo "2032"]
[BlackElo "2098"]
[TimeControl "180+2"]
[EndTime "12:13:12 PDT"]
[Termination "eltenedor won by resignation"]

1. c4 Nf6 2. g3 e6 3. Bg2 a6 4. d4 d5 5. b3 c5 6. cxd5 exd5 7. Nf3 cxd4 8. O-O Nc6 9. Bb2 Be7 10. Nxd4 O-O 11.
Nd2 Re8 12. Nxc6 bxc6 13. e4 Bg4 14. Qc2 Rc8 15. e5 Nd7 16. Rfe1 Be6 17. f4 g6 18. Nf3 c5 19. h3 d4 20. g4 Nb6 21. f5 d3 22. Qc3 gxf5 23. gxf5 Bxf5 24. e6 f6 25. Nh4 Bg6 26. Rad1 c4 27. Nxg6 hxg6 28. bxc4 Nxc4 29. Rxd3 Qb6+ 30. Qd4 Qxb2 31. Qg4 Kg7 32. Be4 Ne5 33. Qg3 Nxd3 34. Qxg6+ 1-0

[Event "*** Titled Tuesday 3|2 Blitz"]
[Site "Chess.com"]
[Date "2016.07.05"]
[Round "6"]
[White "Dlugy"]
[Black "David_Klein"]
[Result "0-1"]
[WhiteElo "2581"]
[BlackElo "2432"]
[TimeControl "180+2"]
[EndTime "12:13:19 PDT"]
[Termination "David_Klein won by resignation"]

1. d4 Nf6 2. Bf4 e6 3. e3 c5 4.
c3 b6 5. Nf3 Bb7 6. Nbd2 cxd4 7. exd4 Be7 8. Bd3 d6 9. O-O O-O 10. Re1 Nbd7 11. a4 Nh5 12. Be3 Nhf6 13. a5 Nd5 14. axb6 axb6 15. Rxa8 Qxa8 16. Bg5 Bxg5 17.
Nxg5 h6 18. Nge4 Nf4 19. Bf1 f5 20. Nxd6 Bxg2 21. f3 Bxf1 22. Kxf1 Nf6 23. N2c4 Qc6 24. Re5 Ng4 25. h3 Nxe5 26. dxe5 Ra8 27. h4 Ra1 0-1

[Event "*** Titled Tuesday 3|2 Blitz"]
[Site "Chess.com"]
[Date "2016.07.05"]
[Round "6"]
[White "Gabrielian_Artur"]
[Black "GianmarcoVaR"]
[Result "1-0"]
[WhiteElo "2499"]
[BlackElo "2383"]
[TimeControl "180+2"]
[EndTime "12:13:24 PDT"]
[Termination "Gabrielian_Artur won on time"]

1. e4 c5 2. Nf3 d6 3. d4 cxd4 4. Nxd4 e6 5. Nc3 a6 6. g4 Ne7 7. Bg2 Nbc6 8. Be3 b5 9. O-O Bb7 10. f4 Nxd4 11. Bxd4 Nc6 12. Be3 Be7 13. g5 Qc7 14. a4 b4 15. Ne2 g6 16. Rc1 O-O 17. c3 Qa5 18. c4 Rfd8 19. b3 Bf8 20. h4 h5 21. f5 Bg7 22. fxg6 fxg6 23. Nf4 Ne5 24. Nxe6 Rd7 25. Nxg7 Kxg7 26. Bd4 Rf8 27. c5 Re8 28. Qf3 Qc7 29. Qf6+ Kh7 30. cxd6 Qxd6 31. Qxd6 Rxd6 32. Rc7+ Rd7 33. Bxe5 Rxe5 34. Rxd7+ 1-0

[Event "*** Titled Tuesday 3|2 Blitz"]
[Site "Chess.com"]
[Date "2016.07.05"]
[Round "6"]
[White "Tonychess32"]
[Black "theprosecution1"]
[Result "1/2-1/2"]
[WhiteElo "2411"]
[BlackElo "2500"]
[TimeControl "180+2"]
[EndTime "12:13:31 PDT"]
[Termination "Game drawn by repetition"]

1. e4 c5 2. Nf3 d6 3. c3 Nf6 4.
Be2 Nbd7 5. d3 g6 6. O-O Bg7 7. Re1 O-O 8. h3 b6 9. a4 a6 10.
Na3 Bb7 11. Bf4 e5 12. Bh2 Qc7 13. Nc4 b5 14. Ne3 Bc6 15. axb5 axb5 16. Qc2 Qb7 17. Nd2 Rae8 18. Nb3 Qc7 19. Na5 Ba8 20. b4 Rc8 21. bxc5 Nxc5 22. Nb3 Ne6 23. Rec1 h5 24. Bg3 d5 25. exd5 Nxd5 26. Rxa8 Rxa8 27. Nxd5 Qd8 28. Nb4 Rc8 29. Bf3 e4 30. Bxe4 Rxc3 31. Qb1 h4 32. Rxc3 hxg3 33. Rc2 Qd6 34. Nc6 f5 35. Bf3 Kh7 36. fxg3 Qxg3 37. Qf1 Nf4 38. d4 Re8 39. Ne5 Bxe5 40. dxe5 Rxe5 41. Rc7+ Kh6 42. Rc1 Nxh3+ 43. Kh1 Nf2+ 44. Kg1 Nh3+ 45. Kh1 Ng5 46. Qd1 f4 47. Nd4 Nh3 48. Qd2 Nf2+ 49. Kg1 Nh3+ 50.
Kh1 Nf2+ 51. Kg1 Nh3+ 52. Kh1 Nf2+ 53. Kg1 Nh3+ 54. Kh1 Nf2+ 1/2-1/2

[Event "*** Titled Tuesday 3|2 Blitz"]
[Site "Chess.com"]
[Date "2016.07.05"]
[Round "6"]
[White "BellJackson95"]
[Black "oskariot"]
[Result "0-1"]
[WhiteElo "2187"]
[BlackElo "2269"]
[TimeControl "180+2"]
[EndTime "12:13:32 PDT"]
[Termination "oskariot won by resignation"]

1. e4 c5 2. Nf3 d6 3. d4 cxd4 4. Nxd4 Nf6 5. Nc3 Nc6 6. Bg5 Bd7 7. Be2 h6 8. Be3 e6 9. Nb3 Be7 10. O-O a6 11. f4 Qc7 12. f5 Ne5 13. fxe6 Bxe6 14. Nd4 O-O 15. Nxe6 fxe6 16. Bd4 Qc6 17. Bd3 Rad8 18. h3 Kh8 19. Qe1 Rd7 20. Rd1 Bd8 21. a4 Bb6 22. Qe3 Bxd4 23. Qxd4 Qc5 24. Be2 Rc8 25. Kh2 Qxd4 26. Rxd4 Kg8 27. Rfd1 Rc6 28.
Bf3 Kf7 29. Kg3 Ke7 30. Kf2 Rdc7 31. Be2 Rb6 32. Bf3 Rxb2 33. Ne2 Rcxc2 34. a5 Nxf3 35. Kxf3 Rxe2 36. Rxd6 Rf2+ 37. Kg3 Rxg2+ 38. Kh4 0-1

[Event "*** Titled Tuesday 3|2 Blitz"]
[Site "Chess.com"]
[Date "2016.07.05"]
[Round "6"]
[White "joppie2"]
[Black "Astaneh"]
[Result "0-1"]
[WhiteElo "2511"]
[BlackElo "2480"]
[TimeControl "180+2"]
[EndTime "12:13:39 PDT"]
[Termination "Astaneh won by resignation"]

1. e4 c6 2. d4 d5 3. e5 Bf5 4.
Nf3 e6 5. Be2 h6 6. O-O Nd7 7.
Re1 Ne7 8. c3 c5 9. dxc5 Nxc5 10.
Be3 Nc6 11. Nd4 Bg6 12. Bb5 Rc8 13. Nd2 Nd3 14. Bxd3 Bxd3 15. N2f3 Bg6 16. Qa4 Qd7 17. Nxc6 bxc6 18. Qxa7 Qxa7 19. Bxa7 c5 20. a4 Kd7 21. a5 Be7 22. Bb6 Ra8 23. Rec1 Rhb8 24. Nd2 Kc6 25.
b4 cxb4 26. cxb4+ Kb5 27. Nb3 Bxb4 28. Nd4+ Ka6 29. Nc6 Bd2 30. Nxb8+ Rxb8 31. Rc7 Rb7 32. Rxb7 Kxb7 33. a6+ Ka8 34. Rd1 Bc3 35. Rc1 d4 36. a7 Kb7 37. Ra1 Bxa1 38. Kf1 Bd3+ 39. Ke1 Bc3+ 40. Kd1 Bf1 41. g3 d3 42. Be3 Be2+ 43. Kc1 Bf3 44. h4 Be1 45. h5 Bxh5 46.
f4 Bf3 47. Kb2 d2 0-1

[Event "*** Titled Tuesday 3|2 Blitz"]
[Site "Chess.com"]
[Date "2016.07.05"]
[Round "6"]
[White "Hieronymus00"]
[Black "underdogchss"]
[Result "0-1"]
[WhiteElo "2153"]
[BlackElo "2342"]
[TimeControl "180+2"]
[EndTime "12:13:42 PDT"]
[Termination "underdogchss won by resignation"]

1. e4 d6 2. d4 Nf6 3. Nc3 g6 4. Nf3 Bg7 5. Bf4 O-O 6. h3 c6 7. Qd2 Re8 8. O-O-O b5 9. Bd3 Qa5 10. Kb1 b4 11. Ne2 c5 12. e5 Nd5 13. Bh6 Bh8 14.
Nc1 Nc3+ 15. bxc3 bxc3 16. Qf4 Qa3 17. Qxf7+ Kxf7 18. Bc4+ e6 19. Nd3 d5 20. Bb3 c4 21.
Bc1 Qa5 22. Ng5+ Kg8 23. h4 h6 24. Nf3 Nc6 25. Bxh6 cxb3 26. axb3 Nb4 27. Nxb4 Qxb4 28. h5 g5 29. Bxg5 a5 30. Ne1 a4 31. Nd3 Qb5 32.
b4 a3 33. Rh3 Ra4 34. Bc1 a2+ 35.
Ka1 Rxb4 0-1

[Event "*** Titled Tuesday 3|2 Blitz"]
[Site "Chess.com"]
[Date "2016.07.05"]
[Round "6"]
[White "oggy1984"]
[Black "Aragon"]
[Result "1-0"]
[WhiteElo "2292"]
[BlackElo "2091"]
[TimeControl "180+2"]
[EndTime "12:13:46 PDT"]
[Termination "oggy1984 won by resignation"]

1. e4 e6 2. d3 c5 3. Nf3 Nc6 4. g3 d6 5. Bg2 g6 6. O-O Bg7 7. c3 e5 8. Nbd2 Nge7 9. a4 O-O 10. Nc4 h6 11. Nfd2 g5 12. Ne3 Be6 13. Ndc4 Rb8 14.
f4 exf4 15. gxf4 gxf4 16. Rxf4 Ng6 17. Rf1 a6 18. a5 Nce5 19. Nf5 Nxc4 20. dxc4 Bxc4 21.
Rf2 Be5 22. Bxh6 b5 23. axb6 Rxb6 24. Bxf8 Kxf8 25. Qd2 Qf6 26. Qh6+ Ke8 27. Ne3 Qe6 28. Nd5 Bxd5 29. exd5 Qg4 30. Qh7 Rb7 31. Qg8+ Kd7 32. Rxf7+ Ne7 33. Qxg4+ 1-0

[Event "*** Titled Tuesday 3|2 Blitz"]
[Site "Chess.com"]
[Date "2016.07.05"]
[Round "6"]
[White "Alliswell998"]
[Black "proxy6"]
[Result "1-0"]
[WhiteElo "2170"]
[BlackElo "1886"]
[TimeControl "180+2"]
[EndTime "12:13:47 PDT"]
[Termination "Alliswell998 won by resignation"]

1. e4 c5 2. Nc3 Nc6 3. f4 g6 4. Nf3 Bg7 5. Bb5 Nd4 6. O-O Nxb5 7. Nxb5 a6 8. Nc3 e6 9. e5 d5 10. d4 c4 11. b3 b5 12. Kh1 Ne7 13. Qe1 O-O 14.
Ba3 Bd7 15. Bd6 Re8 16. g4 Nc8 17. Bc5 a5 18. Qg3 b4 19. Nd1 Bb5 20. Rg1 a4 21. Ne3 Qa5 22. bxc4 dxc4 23. f5 Bc6 24. Raf1 b3 25.
Nxc4 Qb5 26. axb3 axb3 27. cxb3 Qxb3 28. Nd2 Ra2 29. Nxb3 1-0

[Event "*** Titled Tuesday 3|2 Blitz"]
[Site "Chess.com"]
[Date "2016.07.05"]
[Round "6"]
[White "amaidel"]
[Black "ChessNinja48"]
[Result "0-1"]
[WhiteElo "2431"]
[BlackElo "2330"]
[TimeControl "180+2"]
[EndTime "12:13:49 PDT"]
[Termination "ChessNinja48 won by checkmate"]

1. e4 e6 2. d4 d5 3. Nc3 Bb4 4. e5 c5 5. a3 Bxc3+ 6. bxc3 Ne7 7. Qg4 O-O 8. Bd3 Nbc6 9. Nf3 f5 10. exf6 Rxf6 11. Bg5 e5 12. Bxh7+ Kxh7 13. Qh5+ Kg8 14. Bxf6 gxf6 15. dxe5 Qf8 16. O-O Bf5 17. Rfe1 Bxc2 18.
Re3 d4 19. cxd4 cxd4 20. Nxd4 Nxd4 21. Qg4+ Bg6 22. Qxd4 fxe5 23. Qxe5 Re8 24. Rg3 Qf7 25.
h4 Nf5 26. Qf4 Nxg3 27. Qxg3 Qg7 28. Rc1 Be4 29. Qxg7+ Kxg7 30. f3 Bc6 31. Kf2 a5 32. Rc5 a4 33. g4 Rd8 34. Rc3 Rd2+ 35. Kg3 Rb2 36. Re3 Rb3 37. Kf4 b5 38. h5 Rxe3 39.
Kxe3 b4 40. Kd2 b3 41. f4 Bf3 42. g5 Bxh5 43. Kc3 Kg6 44. Kb4 b2 45. Kxa4 b1=Q 46. Ka5 Bf3 47. a4 Kf5 48. g6 Kxg6 49. f5+ Kxf5 50.
Ka6 Qb4 51. a5 Qb7# 0-1

[Event "*** Titled Tuesday 3|2 Blitz"]
[Site "Chess.com"]
[Date "2016.07.05"]
[Round "6"]
[White "Journey_to_GrandMaster_YT"]
[Black "dretch"]
[Result "0-1"]
[WhiteElo "2425"]
[BlackElo "2631"]
[TimeControl "180+2"]
[EndTime "12:13:58 PDT"]
[Termination "dretch won by checkmate"]

1. d4 d5 2. Nf3 Nf6 3. e3 c5 4. Bd3 Nc6 5. O-O Bg4 6. Nbd2 cxd4 7. exd4 Nxd4 8. h3 Nxf3+ 9. Nxf3 Bd7 10. Ne5 e6 11. c4 Be7 12. cxd5 Nxd5 13. Qg4 Bf6 14. Nxd7 Qxd7 15. Rd1 O-O 16. Be4 Rfd8 17. Bg5 Bxg5 18.
Qxg5 h6 19. Qg3 Rac8 20. Rd2 Qc7 21. Qh4 Nf6 22. Rxd8+ Rxd8 23. Bf3 b6 24. Qb4 Qe5 25. Rc1 g6 26. Qe7 Re8 27. Qxa7 Qxb2 28. Rc7 Rf8 29. Rb7 Qc1+ 30. Kh2 Qf4+ 31. Kg1 Rc8 32. Be2 Rc1+ 33. Bf1 Qc4 34. Kh2 Rxf1 35. Qb8+ Kg7 36. Qg3 Qd4 37. Qc7 Nd7 38. f3 Ne5 39. Rxb6 Nxf3+ 40. Kg3 Qf2+ 41. Kg4 Nh2+ 42. Qxh2 h5+ 43. Kg5 Qf6# 0-1

[Event "*** Titled Tuesday 3|2 Blitz"]
[Site "Chess.com"]
[Date "2016.07.05"]
[Round "6"]
[White "OparinGrigoriy"]
[Black "Frolyanov_D"]
[Result "1-0"]
[WhiteElo "2647"]
[BlackElo "2460"]
[TimeControl "180+2"]
[EndTime "12:13:59 PDT"]
[Termination "OparinGrigoriy won by resignation"]

1. e4 e5 2. Nf3 Nf6 3. Nxe5 d6 4. Nf3 Nxe4 5. Nc3 Nxc3 6. dxc3 Be7 7. Be3 O-O 8. Qd2 Nd7 9. O-O-O c6 10. Bd3 Nb6 11.
Kb1 Be6 12. Ng5 Bxg5 13. Bxg5 f6 14. Bf4 Nd5 15. Bg3 b5 16. h4 Re8 17. h5 Qa5 18. a3 Rad8 19. h6 g6 20. Rhe1 Qa4 21.
Re4 Qa5 22. Rde1 Bf7 23. Rxe8+ Rxe8 24. Bxd6 Rd8 25. Bc5 Qc7 26. Qe2 Nf4 27. Qf3 Nxd3 28. cxd3 Qd7 29. Bd4 Re8 30. Re3 Rxe3 31. fxe3 Qe6 32.
Kc1 a5 33. e4 a4 34. Qxf6 Qxf6 35. Bxf6 Bb3 36. Kd2 Kf7 37. Bg5 Ke6 38. Ke3 Bc2 39.
Kd4 Bb1 40. g3 Bc2 41. Bd8 Bb1 42. Bb6 Bc2 43. c4 Bb1 44. cxb5 cxb5 45. Ke3 Bc2 46. d4 Bb3 47. d5+ Ke5 48. Bc7+ Kf6 49. Kd4 Ke7 50. Bf4 Kf6 51. e5+ Kf5 52. e6 Kf6 53.
Bg5+ 1-0

[Event "*** Titled Tuesday 3|2 Blitz"]
[Site "Chess.com"]
[Date "2016.07.05"]
[Round "6"]
[White "stefanodinn"]
[Black "yopino"]
[Result "0-1"]
[WhiteElo "2257"]
[BlackElo "2412"]
[TimeControl "180+2"]
[EndTime "12:13:59 PDT"]
[Termination "yopino won by resignation"]

1. e4 c5 2. Nf3 g6 3. c3 Bg7 4.
d4 cxd4 5. cxd4 d5 6. exd5 Nf6 7.
Bb5+ Nbd7 8. d6 exd6 9. Qe2+ Qe7 10. Bf4 Qxe2+ 11. Kxe2 O-O 12. Rd1 Re8+ 13. Kf1 a6 14. Bd3 Bf8 15. Nc3 b5 16. Re1 Bb7 17. Ng5 Nb6 18. Nge4 Nxe4 19. Nxe4 Nd5 20. Bg3 Rad8 21. a3 f5 22. Ng5 Be7 23. Ne6 Rc8 24. Nf4 Nb6 25. Rac1 Rxc1 26. Rxc1 g5 27. Ne6 f4 28.
Rc7 fxg3 29. Rxb7 gxh2 0-1

[Event "*** Titled Tuesday 3|2 Blitz"]
[Site "Chess.com"]
[Date "2016.07.05"]
[Round "6"]
[White "SmoothAsAHedgehog"]
[Black "ruifeng"]
[Result "1-0"]
[WhiteElo "2507"]
[BlackElo "2322"]
[TimeControl "180+2"]
[EndTime "12:13:59 PDT"]
[Termination "SmoothAsAHedgehog won by resignation"]

1. d4 g6 2. e4 Bg7 3. Nc3 d6 4. Be3 Nd7 5. Qd2 c5 6. f3 cxd4 7. Bxd4 Ngf6 8. h4 h5 9. Nh3 a6 10. Ng5 O-O 11. O-O-O b5 12. Nd5 Nxd5 13. Bxg7 Kxg7 14.
exd5 Nf6 15. Ne4 Nxe4 16. fxe4 Bg4 17. Be2 Qd7 18. Rdf1 Rac8 19. Rf4 Bxe2 20. Qxe2 Rc4 21. g4 hxg4 22. h5 Rfc8 23. c3 g5 24. h6+ Kg6 25.
Rxg4 f6 26. Rxg5+ Kh7 27. Rg7+ Kh8 28. Qg2 1-0

[Event "*** Titled Tuesday 3|2 Blitz"]
[Site "Chess.com"]
[Date "2016.07.05"]
[Round "6"]
[White "ajkom197"]
[Black "Aguiar94"]
[Result "0-1"]
[WhiteElo "2234"]
[BlackElo "2470"]
[TimeControl "180+2"]
[EndTime "12:14:00 PDT"]
[Termination "Aguiar94 won on time"]

1. d4 Nf6 2. Nf3 e6 3. c4 b6 4.
g3 Ba6 5. b3 b5 6. e3 bxc4 7.
bxc4 Bb4+ 8. Bd2 Be7 9. Qc2 O-O 10. Bg2 d5 11. Ne5 Nfd7 12. Nxd7 Qxd7 13. c5 Nc6 14.
Bf1 Bxf1 15. Kxf1 e5 16. Bc3 Qh3+ 17. Kg1 exd4 18. exd4 Bf6 19. Qd3 Rfe8 20. Nd2 Re6 21. Nf3 Rae8 22. Re1 Re4 23. Qb5 Rxe1+ 24. Nxe1 Re6 25.
Qd3 Nxd4 26. Ng2 Ne2+ 27. Kf1 Nxc3 0-1

[Event "*** Titled Tuesday 3|2 Blitz"]
[Site "Chess.com"]
[Date "2016.07.05"]
[Round "6"]
[White "Usurpov"]
[Black "FearlessKing64"]
[Result "1-0"]
[WhiteElo "2334"]
[BlackElo "2120"]
[TimeControl "180+2"]
[EndTime "12:14:00 PDT"]
[Termination "Usurpov won on time"]

1. e4 c5 2. Nf3 d6 3. Bb5+ Bd7 4. a4 Nc6 5. O-O g6 6. Re1 Bg7 7. c3 e5 8. Na3 Nge7 9. Nc4 Qc7 10. d3 b6 11. Bg5 f6 12. Bd2 g5 13. Ne3 h5 14. b4 h4 15. h3 Qc8 16. Nd5 Nxd5 17. exd5 Ne7 18. d4 c4 19. dxe5 dxe5 20. Bxg5 Bxb5 21. axb5 fxg5 22. Nxg5 Bf6 23. Ne4 Bg7 24.
Nd6+ Kd7 25. Nxc8 Kxc8 26. d6 Nf5 27. Qf3 1-0

[Event "*** Titled Tuesday 3|2 Blitz"]
[Site "Chess.com"]
[Date "2016.07.05"]
[Round "6"]
[White "Abrito99"]
[Black "VSERGUEI"]
[Result "1/2-1/2"]
[WhiteElo "2331"]
[BlackElo "2487"]
[TimeControl "180+2"]
[EndTime "12:14:06 PDT"]
[Termination "Game drawn by agreement"]

1. e4 e6 2. Nf3 d5 3. Nc3 d4 4. Ne2 c5 5. c3 Nf6 6. cxd4 Nxe4 7. dxc5 Nxc5 8. d4 Ne4 9. Nc3 Nxc3 10. bxc3 Bd6 11.
Bd3 Nd7 12. O-O O-O 13. Qe2 Nf6 14. Bg5 h6 15. Bh4 Bd7 16. Ne5 Bc6 17. Nxc6 bxc6 18.
Bxf6 Qxf6 19. Qe4 Rfc8 20. Rab1 g6 21. Ba6 Rc7 22. Bb7 Rd8 23. Bxc6 Rdc8 24. Bb7 Rb8 25. Rb3 a5 26. a4 Qf4 27. Qxf4 Bxf4 28. Rfb1 Bd2 29. d5 exd5 30. Bxd5 Rxb3 31. Rxb3 Bxc3 32. Rb7 1/2-1/2

[Event "*** Titled Tuesday 3|2 Blitz"]
[Site "Chess.com"]
[Date "2016.07.05"]
[Round "6"]
[White "WanderingPuppet"]
[Black "FCChelsea14"]
[Result "0-1"]
[WhiteElo "2282"]
[BlackElo "2412"]
[TimeControl "180+2"]
[EndTime "12:14:26 PDT"]
[Termination "FCChelsea14 won by resignation"]

1. e4 c6 2. Nc3 d5 3. Nf3 Bg4 4. d4 e6 5. h3 Bxf3 6. gxf3 Nf6 7. Qd3 Nbd7 8. Be3 Bb4 9. Rg1 g6 10. e5 Nh5 11. a3 Qa5 12. Bd2 c5 13.
O-O-O c4 14. Qe3 Bxc3 15. Bxc3 Qc7 16. Bb4 Ng7 17. h4 Nf5 18. Qf4 a5 19. Bd6 Qd8 20.
h5 Nxd6 21. exd6 Qf6 22. Qg3 O-O-O 23. Bh3 Rhg8 24. h6 g5 25. Rh1 Qxh6 26. Bf5 Qf6 27. Bg4 h6 28. Kb1 Nf8 29. Rhe1 Qf4 30. Qg1 Rxd6 31. Qf1 Kb8 32. Qe2 Nd7 33. Rh1 Qf6 34.
Qd2 Ra6 35. Rde1 Rc8 36. c3 Qg6+ 37. Ka2 f5 38. Qc2 Qf6 39. Bh5 b5 40. Kb1 Kc7 41. f4 g4 42. f3 g3 43. Reg1 Rg8 44. Rh3 Raa8 45. Rhxg3 Rxg3 46. Rxg3 Qh4 47. Rg6 Qh1+ 48. Ka2 b4 49. cxb4 axb4 0-1

[Event "*** Titled Tuesday 3|2 Blitz"]
[Site "Chess.com"]
[Date "2016.07.05"]
[Round "6"]
[White "Mornar1951"]
[Black "mwpchess"]
[Result "0-1"]
[WhiteElo "2493"]
[BlackElo "2433"]
[TimeControl "180+2"]
[EndTime "12:14:27 PDT"]
[Termination "mwpchess won by resignation"]

1. Nf3 d5 2. d4 Nf6 3. c4 e6 4. g3 Be7 5. Bg2 O-O 6. O-O dxc4 7. Qc2 a6 8. a4 Bd7 9. Qxc4 Bc6 10. Bg5 Bd5 11. Qd3 c5 12. Nc3 Bc6 13. Rfd1 Qa5 14. Ne5 Bxg2 15. Kxg2 cxd4 16. Qxd4 Rd8 17. Qc4 Qxe5 18.
Rxd8+ Bxd8 19. Bf4 Qa5 20. Qc8 Qb6 21. f3 g5 22.
Bxg5 Kg7 23. Rd1 Be7 24. Ne4 Qc6 25. Rc1 Qxc8 26. Rxc8 Nd5 27. Bd2 b5 28. a5 Bb4 29.
Bxb4 Nxb4 30. Nd6 N4c6 31. Rc7 Ra7 32. Rc8 Rd7 33. Ne4 Rd8 34. Rc7 Nxa5 35. Ng5 Rd7 36. Rc8 Nbc6 37. Kf2 h6 38. Ne4 Ne5 39. Nc5 Rd6 40.
Ra8 Nac4 41. b3 Nd2 42. b4 Ndc4 43. Nxa6 Rd2 44. Nc7 Nd3+ 45. Kg1 Rxe2 46. Nxb5 Ne3 0-1

[Event "*** Titled Tuesday 3|2 Blitz"]
[Site "Chess.com"]
[Date "2016.07.05"]
[Round "6"]
[White "cool64chess"]
[Black "saraswathii"]
[Result "0-1"]
[WhiteElo "2194"]
[BlackElo "2036"]
[TimeControl "180+2"]
[EndTime "12:14:45 PDT"]
[Termination "saraswathii won by resignation"]

1. d4 Nc6 2. Nf3 d5 3. h3 Bf5 4. Bf4 Qd7 5. e3 f6 6. Bd3 O-O-O 7. Bxf5 Qxf5 8. Qd3 Qd7 9. Bh2 e6 10. Nc3 Bd6 11.
O-O-O Nge7 12. e4 Bxh2 13. Rxh2 dxe4 14. Nxe4 Nf5 15. Nc5 Qd5 16. Qb5 Nd6 17. Qe2 Rhe8 18. Nb3 Nf5 19. g4 Nd6 20. Rhh1 h5 21. Rhe1 hxg4 22. hxg4 Nc4 23. Rd3 Nb4 24. Rdd1 Nxa2+ 25. Kb1 Nb4 26. Nc5 e5 27. b3 Na3+ 28. Kb2 Naxc2 29.
Qb5 Nxe1 30. Nxe1 Na6 31. Rc1 Qxd4+ 32. Kb1 Nxc5 0-1

[Event "*** Titled Tuesday 3|2 Blitz"]
[Site "Chess.com"]
[Date "2016.07.05"]
[Round "6"]
[White "ZapataCharlesS"]
[Black "Matibar"]
[Result "1/2-1/2"]
[WhiteElo "2465"]
[BlackElo "2580"]
[TimeControl "180+2"]
[EndTime "12:14:46 PDT"]
[Termination "Game drawn by agreement"]

1. e4 e6 2. d4 d5 3. exd5 exd5 4. Nf3 Bd6 5. Bd3 Ne7 6. O-O O-O 7. Bg5 f6 8. Bh4 Nf5 9. Bg3 Nxg3 10. hxg3 Bg4 11.
Nbd2 c6 12. c3 Qe8 13. Qb3 Qf7 14. Rae1 b5 15. a4 a6 16. Nh2 Bc8 17. Qc2 g6 18. f4 Ra7 19. a5 Re7 20. b4 Rfe8 21. Rxe7 Rxe7 22. Nhf3 Bg4 23. Re1 Rxe1+ 24. Nxe1 Nd7 25.
Ndf3 Nf8 26. Nh2 Bc8 27. Qe2 Kg7 28. Nc2 h5 29. Nf3 Qe7 30. Qxe7+ Bxe7 31. Ne3 Bd6 32. Kf2 Kh6 33. Ng1 h4 34. Ne2 hxg3+ 35. Kxg3 Kg7 36.
Kf3 Kf7 37. g4 Bc7 38. Ng3 Nd7 39. Ne2 Nf8 40. Ng3 Bd7 41. f5 g5 42. Nh5 Be8 43. Be2 Nh7 44. Bf1 Kf8 45. Ng3 Bxg3 46. Kxg3 Ke7 47. Bd3 Kd6 48. Kf3 Bd7 49. Nf1 Bc8 50.
Ng3 Ke7 51. Nh5 Kf7 52. Ng3 Nf8 53. Ne2 Ke7 54. Nc1 Kd6 55. Nb3 Nh7 56. Nc5 Nf8 57.
Be2 Nh7 58. Bd3 Nf8 59. Kg3 Nh7 1/2-1/2

[Event "*** Titled Tuesday 3|2 Blitz"]
[Site "Chess.com"]
[Date "2016.07.05"]
[Round "6"]
[White "Ksenia_Legenko"]
[Black "Masterbeaterr"]
[Result "1-0"]
[WhiteElo "2062"]
[BlackElo "2263"]
[TimeControl "180+2"]
[EndTime "12:14:56 PDT"]
[Termination "Ksenia_Legenko won by resignation"]

1. d4 d5 2. c4 dxc4 3. Nf3 Nf6 4. g3 g6 5. Bg2 c6 6. O-O Bg7 7. Nc3 O-O 8. Bg5 Be6 9. e3 Nbd7 10. a4 a5 11. Nd2 Nb6 12. Qe2 Nfd5 13. Rfc1 Nb4 14.
Nce4 Nd3 15. Rc2 f5 16. Nc5 Nxc5 17. dxc5 Nd5 18. Nxc4 Nb4 19. Rd2 Qe8 20. Rad1 Qf7 21. Nb6 Rae8 22. Nd7 Bxd7 23. Rxd7 Qb3 24. Bxe7 Rf7 25.
Bg5 Rxd7 26. Rxd7 Qxa4 27. Rxb7 Qa1+ 28. Bf1 Qxb2 29. Qc4+ Kh8 30. Qf7 Rg8 31. Bc4 Rf8 32.
Qd7 Qc1+ 33. Bf1 Qc3 34. Bh6 Rg8 35. Bc4 Nd5 36. Bxd5 cxd5 37. Bxg7+ Rxg7 38. Qxg7+ Qxg7 39. Rxg7 Kxg7 40. c6 a4 41. c7 a3 42. c8=Q a2 43. Qa8 1-0

[Event "*** Titled Tuesday 3|2 Blitz"]
[Site "Chess.com"]
[Date "2016.07.05"]
[Round "6"]
[White "ilya261991"]
[Black "platy3"]
[Result "0-1"]
[WhiteElo "2451"]
[BlackElo "2683"]
[TimeControl "180+2"]
[EndTime "12:15:02 PDT"]
[Termination "platy3 won on time"]

1. d4 Nf6 2. c4 g6 3. f3 Bg7 4.
e4 d6 5. Nc3 O-O 6. Nge2 c5 7. d5 e6 8. Ng3 exd5 9. cxd5 a6 10. a4 Nbd7 11. Be2 Ne5 12. O-O h5 13. h3 Rb8 14. f4 Ned7 15. Re1 Re8 16. a5 h4 17. Nf1 Nxe4 18. Nxe4 Rxe4 19. Bd3 Rxe1 20. Qxe1 b5 21.
axb6 Nxb6 22. Ne3 f5 23. Kh1 Qe7 24. Qd1 Bd4 25. Nc2 Bf6 26. Bxa6 Bxa6 27. Rxa6 Nc4 28. Qe1 Qxe1+ 29. Nxe1 Bxb2 30. Bxb2 Rxb2 31. Nf3 Rb6 32. Ra7 Ne3 33. Nxh4 Nxd5 34. Nxg6 c4 35. Ra8+ Kf7 36. Nh4 Ne3 37. Rc8 d5 38. Nf3 Rb2 39. g4 fxg4 40. Ne5+ Ke7 41. hxg4 Rf2 42. f5 Kd6 43. Nf7+ Ke7 44.
Ne5 Kf6 45. Nd7+ Kg5 46. f6 Kh4 47. Re8 d4 48. Re4 Kg3 49. Rxe3+ dxe3 50. Kg1 e2 0-1